cohdb
Replays
Latest Replays
All Replays
Popular Replays
Top Player Replays
Match Explorer
How It Works
Community
CoH3 Stats
Reddit
Sign in to upload your games and track your stats! →
Sign in with Steam
Match 42076491
Unlisted
Match 42076491
Overview
Messages
Build Orders
End
Panzergrenadier Squad
250 Light Carrier
Panzergrenadier Squad
Construct Light Support Kompanie
Selects Italian Infantry
Combat Half-tracks
Selects Defensive Operations
Panzergrenadier Squad
Construct Mechanized Kompanie
2.5-tonne Medical Truck
Selects Guastatori Squad
Guastatori Squad
Support Armor Elements
Pak 38 Mechanized Group
Selects Registered Artillery
StuG III D Assault Gun
Selects Towed Cannone da 105/28 Field Howitzer
Towed Cannone da 105/28 Field Howitzer
Selects Territory Booby Traps
Guastatori Squad
Construct Panzerarmee Kommand
Selects Obice 305mm Barrage
18-tonne Recovery Half-track
Armored Reserves
2.5-tonne Medical Truck
homig
kerem
Starskream
Getmeout
Kappablanca
lqf0607
Lost Scureed
Muffin Man
0
0
Comments
sign in to comment!
No comments posted yet!